Calgary Flames vs Nashville Predators
Created - Monday, December 15, 2025 at 08:15
Goals
|
| Calgary Flames |
2 |
1 |
4 |
7 |
| Nashville Predators |
2 |
0 |
1 |
3 |
|
Shots
|
| Calgary Flames |
10 |
16 |
19 |
45 |
| Nashville Predators |
16 |
11 |
17 |
44 |
|
1st period
1. Calgary Flames , Pavel Zacha 4 (Alec Martinez 6, Bo Horvat 12) at 4:49
2. Nashville Predators , Pius Suter 10 (John-Jason Peterka 12) at 12:33 (PP)
3. Calgary Flames , Zach Hyman 7 (J.T. Miller 4, Matthew Tkachuk 2) at 13:58
4. Nashville Predators , Ryan Hartman 1 (Robby Fabbri 1, Dante Fabbro 4) at 19:59
Penalties :
Bo Horvat (CGY) for Tripping (Minor) at 12:11
2nd period
5. Calgary Flames , Matthew Tkachuk 3 (Cale Makar 15, Zach Hyman 5) at 18:00
Penalties :
Sebastian Aho (CGY) for Holding Stick (Minor) at 1:22, Uvis Balinskis (CGY) for Roughing (Minor) at 12:23
3rd period
6. Nashville Predators , Brandon Montour 2 (Evan Rodrigues 1) at 2:06
7. Calgary Flames , Bo Horvat 13 (Sebastian Aho 13, Filip Hronek 3) at 3:30
8. Calgary Flames , Bo Horvat 14 (Alec Martinez 7) at 9:11
9. Calgary Flames , Nick Paul 5 (Cale Makar 16, Alec Martinez 8) at 11:49
10. Calgary Flames , Sebastian Aho 9 (Bo Horvat 13, Cale Makar 17) at 19:22 (PP)
Penalties :
Joel Eriksson Ek (CGY) for Slashing (Minor) at 3:50, Drew Doughty (CGY) for Interference (Minor) at 4:13, Brandon Montour (NSH) for High sticking (Minor) at 19:14
Goalie Stats
Ilya Sorokin (CGY), 41 saves from 44 shots - (0.932), W, 6-0-0, 60:00 minutes
Anthony Stolarz (NSH), 38 saves from 45 shots - (0.844), L, 11-3-0, 60:00 minutes
Players Stats for Calgary Flames
Player Name G A P +/- PIM S H SB GA TA FO MP PP MP PK MP
------------------------------------------------------------------------------------
Alec Martinez 0 3 3 1 0 3 1 3 0 2 0/0 14:54 0:00 0:09
Ben Meyers 0 0 0 2 0 3 0 0 0 0 0/1 8:21 0:00 0:35
Bo Horvat 2 2 4 2 2 10 3 1 1 1 13/19 26:02 0:08 3:16
Cale Makar 0 3 3 1 0 3 1 2 1 1 0/0 25:53 0:08 3:37
Chris Kreider 0 0 0 0 0 4 0 4 0 1 1/2 15:02 0:08 0:00
Drew Doughty 0 0 0 1 2 0 1 2 1 0 0/0 24:45 0:08 2:28
Filip Hronek 0 1 1 2 0 0 0 1 0 0 0/0 19:23 0:00 3:05
J.T. Miller 0 1 1 1 0 3 2 0 0 0 8/15 20:02 0:00 3:11
Jeremy Lauzon 0 0 0 2 0 0 1 3 1 0 0/0 19:13 0:00 2:56
Joel Eriksson Ek 0 0 0 1 2 2 3 2 2 1 10/14 16:10 0:00 2:32
Mathieu Joseph 0 0 0 1 0 2 4 0 0 0 0/0 13:37 0:00 0:00
Matthew Tkachuk 1 1 2 1 0 3 0 0 0 0 1/1 16:35 0:00 0:00
Nic Dowd 0 0 0 0 0 0 0 0 0 0 0/0 0:17 0:00 0:00
Nick Paul 1 0 1 1 0 1 2 0 0 0 1/2 14:30 0:00 0:53
Pavel Zacha 1 0 1 2 0 3 0 0 0 0 1/2 7:46 0:00 0:00
Sebastian Aho 1 1 2 0 2 6 0 1 2 1 1/1 16:40 0:08 1:21
Uvis Balinskis 0 0 0 1 2 1 1 2 0 0 0/0 15:52 0:00 1:08
Zach Hyman 1 1 2 1 0 1 2 1 0 1 0/1 16:35 0:00 0:00
Players Stats for Nashville Predators
Player Name G A P +/- PIM S H SB GA TA FO MP PP MP PK MP
------------------------------------------------------------------------------------
Alex Pietrangelo 0 0 0 -4 0 0 0 1 0 1 0/0 20:10 3:26 0:00
Brandon Montour 1 0 1 0 2 4 1 3 2 0 0/0 25:58 3:16 0:00
Dante Fabbro 0 1 1 0 0 1 1 1 0 2 0/0 13:43 0:00 0:00
Dmitri Voronkov 0 0 0 -2 0 2 1 0 2 0 0/1 18:37 3:14 0:00
Eetu Luostarinen 0 0 0 -3 0 8 1 1 0 1 0/1 18:27 3:14 0:00
Evan Rodrigues 0 1 1 0 0 3 3 2 0 0 0/0 12:55 0:00 0:00
Jack Roslovic 0 0 0 -2 0 4 1 1 0 0 0/1 18:37 3:14 0:00
Jean-Gabriel Pageau 0 0 0 -2 0 3 1 1 1 0 8/16 18:45 3:14 0:08
John-Jason Peterka 0 1 1 -3 0 2 0 2 0 0 5/25 18:35 3:14 0:08
Jordan Spence 0 0 0 0 0 1 1 0 0 0 0/0 13:51 0:00 0:08
Marco Kasper 0 0 0 0 0 2 3 0 1 0 5/8 13:20 0:14 0:00
Pius Suter 1 0 1 -3 0 2 1 0 0 1 1/1 18:27 3:14 0:00
Rasmus Andersson 0 0 0 0 0 3 1 2 0 1 0/0 26:07 3:16 0:08
Robby Fabbri 0 1 1 1 0 1 1 1 0 0 0/0 9:28 0:00 0:00
Ryan Hartman 1 0 1 1 0 3 0 1 1 0 3/5 9:28 0:00 0:00
Simon Benoit 0 0 0 -4 0 1 3 4 0 1 0/0 20:10 3:26 0:00
Yegor Chinakhov 0 0 0 1 0 1 0 1 1 1 0/0 9:53 0:14 0:00
Yegor Sharangovich 0 0 0 0 0 3 0 0 0 0 0/0 13:20 0:14 0:00
3 Stars
1 - Bo Horvat (CGY)
2 - Zach Hyman (CGY)
3 - Alec Martinez (CGY)
Power Play
Calgary Flames - 1 on 1 Attempt(s) - 100.00%
Nashville Predators - 1 on 5 Attempt(s) - 20.00%
Penalty Kill
Calgary Flames - 4 on 5 Attempt(s) - 80.00%
- Score 0 goal in Penalty Kill
Nashville Predators - 0 on 1 Attempt(s) - 0.00%
- Score 0 goal in Penalty Kill
Team Stat
Calgary Flames - Hits : 21 - Faceoff Wins : 36 - Blocked Shots : 22 - Penalty Minutes : 10
Nashville Predators - Hits : 19 - Faceoff Wins : 22 - Blocked Shots : 21 - Penalty Minutes : 2
Official
Referees : Chris Lee and Dan O'Rourke
Linesman : Joseph Mahon and Derek Nansen
Game Notes
No Game Note
Finance
Level 1 -- Attendance: 6000 (100.00%) -- Ticket Income $600,000
Level 2 -- Attendance: 5000 (100.00%) -- Ticket Income $300,000
Level 3 -- Attendance: 3000 (100.00%) -- Ticket Income $105,000
Level 4 -- Attendance: 5000 (100.00%) -- Ticket Income $125,000
Luxury Box -- Attendance: 1000 (100.00%) -- Ticket Income $200,000
Game was played at the Bridgestone Arena.
Total Attendance: 20000 (100.00%)
Total Ticket Income: $1,330,000
Other Income: $465,500
Total Income: $1,795,500
Calgary Flames
5 vs 5 Forward
Center Left Wing Right Wing Time % Phy DF OF
1 Bo Horvat Sebastian Aho Chris Kreider 30 1 2 2
2 J.T. Miller Matthew Tkachuk Zach Hyman 30 1 2 2
3 Joel Eriksson Ek Nick Paul Mathieu Joseph 25 1 2 2
4 Pavel Zacha Ben Meyers Bo Horvat 15 1 2 2
5 vs 5 Defense
Defense Defense Time % Phy DF OF
1 Cale Makar Drew Doughty 30 1 2 2
2 Filip Hronek Jeremy Lauzon 30 1 2 2
3 Alec Martinez Uvis Balinskis 25 1 2 2
4 Cale Makar Drew Doughty 15 1 2 2
PowerPlay Forward
Center Left Wing Right Wing Time % Phy DF OF
1 Bo Horvat Sebastian Aho Chris Kreider 50 1 2 2
2 J.T. Miller Matthew Tkachuk Zach Hyman 50 1 2 2
PowerPlay Defense
Defense Defense Time % Phy DF OF
1 Cale Makar Drew Doughty 50 1 2 2
2 Filip Hronek Jeremy Lauzon 50 1 2 2
Penalty Kill 4 Players Forward
Center Wing Time % Phy DF OF
1 Bo Horvat J.T. Miller 50 1 2 2
2 Sebastian Aho Joel Eriksson Ek 50 1 2 2
Penalty Kill 4 Players Defense
Defense Defense Time % Phy DF OF
1 Cale Makar Drew Doughty 50 1 2 2
2 Filip Hronek Jeremy Lauzon 50 1 2 2
Penalty Kill - 3 Players Forward
Forward Time % Phy DF OF
1 Bo Horvat 50 1 2 2
2 J.T. Miller 50 1 2 2
Penalty Kill - 3 Players Defense
Defense Defense Time % Phy DF OF
1 Cale Makar Drew Doughty 50 1 2 2
2 Filip Hronek Jeremy Lauzon 50 1 2 2
4 vs 4 Forward
Center Wing Time % Phy DF OF
1 Bo Horvat J.T. Miller 50 1 2 2
2 Sebastian Aho Joel Eriksson Ek 50 1 2 2
4 vs 4 Defense
Defense Defense Time % Phy DF OF
1 Cale Makar Drew Doughty 50 1 2 2
2 Filip Hronek Jeremy Lauzon 50 1 2 2
Last Minutes Offensive
Center Left Wing Right Wing Defense Defense
Bo Horvat Sebastian Aho Chris Kreider Cale Makar Drew Doughty
Last Minutes Defensive
Center Left Wing Right Wing Defense Defense
Bo Horvat Sebastian Aho Chris Kreider Cale Makar Drew Doughty
Goaltenders
Starting : Ilya Sorokin
Backup : Anton Forsberg
Extra Forwards
Normal : Nic Dowd, Pavel Zacha, Nick Paul - PP : Nic Dowd, Pavel Zacha - PK : Nick Paul
Extra Defensemen
Normal : Alec Martinez, Uvis Balinskis, Filip Hronek - PP : Alec Martinez - PK : Uvis Balinskis, Filip Hronek
Penalty Shots
Bo Horvat, J.T. Miller, Sebastian Aho, Joel Eriksson Ek, Chris Kreider
Scratches
Kris Letang (Back Spasms Injury), Angus Crookshank (Healthy), Daniil Miromanov (Healthy), Pheonix Copley (Healthy)
Nashville Predators
5 vs 5 Forward
Center Left Wing Right Wing Time % Phy DF OF
1 John-Jason Peterka Pius Suter Eetu Luostarinen 30 1 2 2
2 Jean-Gabriel Pageau Dmitri Voronkov Jack Roslovic 30 1 2 2
3 Marco Kasper Yegor Sharangovich Evan Rodrigues 25 1 2 2
4 Ryan Hartman Yegor Chinakhov Robby Fabbri 15 1 2 2
5 vs 5 Defense
Defense Defense Time % Phy DF OF
1 Brandon Montour Rasmus Andersson 30 1 2 2
2 Alex Pietrangelo Simon Benoit 30 1 2 2
3 Dante Fabbro Jordan Spence 25 1 2 2
4 Brandon Montour Rasmus Andersson 15 1 2 2
PowerPlay Forward
Center Left Wing Right Wing Time % Phy DF OF
1 John-Jason Peterka Pius Suter Eetu Luostarinen 50 1 2 2
2 Jean-Gabriel Pageau Dmitri Voronkov Jack Roslovic 50 1 2 2
PowerPlay Defense
Defense Defense Time % Phy DF OF
1 Brandon Montour Rasmus Andersson 50 1 2 2
2 Alex Pietrangelo Simon Benoit 50 1 2 2
Penalty Kill 4 Players Forward
Center Wing Time % Phy DF OF
1 John-Jason Peterka Jean-Gabriel Pageau 50 1 2 2
2 Pius Suter Dmitri Voronkov 50 1 2 2
Penalty Kill 4 Players Defense
Defense Defense Time % Phy DF OF
1 Brandon Montour Rasmus Andersson 50 1 2 2
2 Alex Pietrangelo Simon Benoit 50 1 2 2
Penalty Kill - 3 Players Forward
Forward Time % Phy DF OF
1 John-Jason Peterka 50 1 2 2
2 Jean-Gabriel Pageau 50 1 2 2
Penalty Kill - 3 Players Defense
Defense Defense Time % Phy DF OF
1 Brandon Montour Rasmus Andersson 50 1 2 2
2 Alex Pietrangelo Simon Benoit 50 1 2 2
4 vs 4 Forward
Center Wing Time % Phy DF OF
1 John-Jason Peterka Jean-Gabriel Pageau 50 1 2 2
2 Pius Suter Dmitri Voronkov 50 1 2 2
4 vs 4 Defense
Defense Defense Time % Phy DF OF
1 Brandon Montour Rasmus Andersson 50 1 2 2
2 Alex Pietrangelo Simon Benoit 50 1 2 2
Last Minutes Offensive
Center Left Wing Right Wing Defense Defense
John-Jason Peterka Pius Suter Eetu Luostarinen Brandon Montour Rasmus Andersson
Last Minutes Defensive
Center Left Wing Right Wing Defense Defense
John-Jason Peterka Pius Suter Eetu Luostarinen Brandon Montour Rasmus Andersson
Goaltenders
Starting : Anthony Stolarz
Backup : Samuel Ersson
Extra Forwards
Normal : Marco Kasper, Yegor Sharangovich, Evan Rodrigues - PP : Marco Kasper, Yegor Sharangovich - PK : Evan Rodrigues
Extra Defensemen
Normal : Dante Fabbro, Jordan Spence, Alex Pietrangelo - PP : Dante Fabbro - PK : Jordan Spence, Alex Pietrangelo
Penalty Shots
John-Jason Peterka, Jean-Gabriel Pageau, Pius Suter, Dmitri Voronkov, Eetu Luostarinen
Scratches
Jani Nyman (Healthy), Parker Wotherspoon (Healthy), Nick Perbix (Healthy), Thatcher Demko (Healthy), Mads Sogaard (Healthy)
% Time on Ice - Calgary Flames
Lines # - Real PCT - Wanted PCT - Time Play
Normal Forward
1 - 29% - 30% - 15:10
2 - 31% - 30% - 16:37
3 - 26% - 25% - 13:37
4 - 15% - 15% - 7:46
Normal Defense
1 - 30% - 30% - 15:43
2 - 31% - 30% - 16:17
3 - 28% - 25% - 14:44
4 - 12% - 15% - 6:26
PP Forward
1 - 100% - 50% - 0:08
2 - 0% - 50% - 0:00
PP Defense
1 - 100% - 50% - 0:08
2 - 0% - 50% - 0:00
PK Forward
1 - 51% - 50% - 2:36
2 - 49% - 50% - 2:30
PK Defense
1 - 55% - 50% - 2:47
2 - 45% - 50% - 2:19
PK3 Forward
1 - 54% - 50% - 0:52
2 - 46% - 50% - 0:44
PK3 Defense
1 - 61% - 50% - 0:59
2 - 39% - 50% - 0:37
44 Forward
1 - 0% - 50%
2 - 0% - 50%
44 Defense
1 - 0% - 50%
2 - 0% - 50%
Last Minute Offensive - 0:00
Last Minute Defensive - 0:00
Total
Forward - 60:00
Defense - 60:00
|
% Time on Ice - Nashville Predators
Lines # - Real PCT - Wanted PCT - Time Play
Normal Forward
1 - 29% - 30% - 15:13
2 - 29% - 30% - 15:34
3 - 24% - 25% - 12:55
4 - 18% - 15% - 9:28
Normal Defense
1 - 29% - 30% - 15:41
2 - 31% - 30% - 16:44
3 - 26% - 25% - 13:43
4 - 13% - 15% - 7:02
PP Forward
1 - 48% - 50% - 3:14
2 - 52% - 50% - 3:28
PP Defense
1 - 49% - 50% - 3:16
2 - 51% - 50% - 3:26
PK Forward
1 - 100% - 50% - 0:08
2 - 0% - 50% - 0:00
PK Defense
1 - 100% - 50% - 0:08
2 - 0% - 50% - 0:00
PK3 Forward
1 - 0% - 50%
2 - 0% - 50%
PK3 Defense
1 - 0% - 50%
2 - 0% - 50%
44 Forward
1 - 0% - 50%
2 - 0% - 50%
44 Defense
1 - 0% - 50%
2 - 0% - 50%
Last Minute Offensive - 0:00
Last Minute Defensive - 0:00
Total
Forward - 60:00
Defense - 60:00
|
Play-by-Play
1st period
0:01 of 1st period - Bo Horvat wins face-off versus John-Jason Peterka in neutral zone.
0:10 of 1st period - Snap shot by Bo Horvat.
0:10 of 1st period - Stopped by Anthony Stolarz with a rebound.
0:16 of 1st period - Sebastian Aho is hit by Eetu Luostarinen and loses puck.
0:52 of 1st period - Joel Eriksson Ek is hit by Marco Kasper and loses puck.
1:01 of 1st period - Yegor Sharangovich is hit by Nick Paul and loses puck.
1:12 of 1st period - Wrist shot by Ryan Hartman.
1:12 of 1st period - Stopped by Ilya Sorokin without a rebound.
1:13 of 1st period - Ryan Hartman wins face-off versus Bo Horvat in Calgary Flames zone.
1:16 of 1st period - Wrist shot by Ryan Hartman.
1:16 of 1st period - Shot Blocked by Filip Hronek.
1:48 of 1st period - Snap shot by Pius Suter.
1:48 of 1st period - Stopped by Ilya Sorokin without a rebound.
1:49 of 1st period - Marco Kasper wins face-off versus Joel Eriksson Ek in Calgary Flames zone.
1:58 of 1st period - Snap shot by Joel Eriksson Ek.
1:58 of 1st period - Shot Misses the Net.
2:00 of 1st period - Slapshot by Cale Makar.
2:00 of 1st period - Shot Misses the Net.
2:18 of 1st period - Snap shot by Jack Roslovic.
2:18 of 1st period - Shot Blocked by Drew Doughty.
3:15 of 1st period - Off-side.
3:16 of 1st period - Jean-Gabriel Pageau wins face-off versus Zach Hyman in neutral zone.
3:19 of 1st period - Zach Hyman is hit by Jean-Gabriel Pageau and loses puck.
4:08 of 1st period - Marco Kasper is hit by Drew Doughty and loses puck.
4:45 of 1st period - Slapshot by Pavel Zacha.
4:45 of 1st period - Stopped by Anthony Stolarz with a rebound.
4:47 of 1st period - Wrist shot by Alec Martinez.
4:47 of 1st period - Shot Blocked by Simon Benoit.
4:49 of 1st period - Snap shot by Pavel Zacha.
4:49 of 1st period - Goal by Pavel Zacha - Calgary Flames : 1 - Nashville Predators : 0.
4:50 of 1st period - Bo Horvat wins face-off versus John-Jason Peterka in neutral zone.
5:17 of 1st period - Rasmus Andersson is hit by J.T. Miller and loses puck.
5:41 of 1st period - Slapshot by Brandon Montour.
5:41 of 1st period - Stopped by Ilya Sorokin with a rebound.
5:43 of 1st period - Slapshot by Rasmus Andersson.
5:43 of 1st period - Shot Blocked by Joel Eriksson Ek.
5:45 of 1st period - Snap shot by Marco Kasper.
5:45 of 1st period - Stopped by Ilya Sorokin with a rebound.
7:37 of 1st period - Jeremy Lauzon is hit by Jordan Spence.
7:49 of 1st period - Slapshot by Joel Eriksson Ek.
7:49 of 1st period - Shot Misses the Net.
7:59 of 1st period - Cale Makar is hit by Brandon Montour.
8:00 of 1st period - Icing by Cale Makar.
8:01 of 1st period - Bo Horvat wins face-off versus Jack Roslovic in Calgary Flames zone.
8:10 of 1st period - Snap shot by Bo Horvat.
8:10 of 1st period - Stopped by Anthony Stolarz with a rebound.
8:31 of 1st period - Mathieu Joseph is hit by Evan Rodrigues and loses puck.
9:20 of 1st period - Snap shot by Joel Eriksson Ek.
9:20 of 1st period - Stopped by Anthony Stolarz with a rebound.
9:38 of 1st period - Zach Hyman is hit by Evan Rodrigues and loses puck.
9:52 of 1st period - Off-side.
9:53 of 1st period - Bo Horvat wins face-off versus Ryan Hartman in neutral zone.
10:02 of 1st period - Snap shot by Chris Kreider.
10:02 of 1st period - Deflect By Bo Horvat.
10:02 of 1st period - Shot Blocked by Ryan Hartman.
10:02 of 1st period - Puck is out of play.
10:03 of 1st period - J.T. Miller wins face-off versus John-Jason Peterka in Nashville Predators zone.
10:06 of 1st period - Slapshot by Zach Hyman.
10:06 of 1st period - Shot Misses the Net.
11:01 of 1st period - Wrist shot by Joel Eriksson Ek.
11:01 of 1st period - Stopped by Anthony Stolarz without a rebound.
11:02 of 1st period - John-Jason Peterka wins face-off versus Bo Horvat in Nashville Predators zone.
11:09 of 1st period - Snap shot by Eetu Luostarinen.
11:09 of 1st period - Stopped by Ilya Sorokin with a rebound.
11:40 of 1st period - Wrist shot by Matthew Tkachuk.
11:40 of 1st period - Stopped by Anthony Stolarz with a rebound.
12:11 of 1st period - Minor Penalty to Bo Horvat for Tripping.
12:12 of 1st period - J.T. Miller wins face-off versus John-Jason Peterka in Calgary Flames zone.
12:27 of 1st period - Icing by Alex Pietrangelo.
12:28 of 1st period - John-Jason Peterka wins face-off versus Nick Paul in Nashville Predators zone.
12:33 of 1st period - Wrist shot by Pius Suter.
12:33 of 1st period - Goal by Pius Suter - Calgary Flames : 1 - Nashville Predators : 1.
12:34 of 1st period - Bo Horvat wins face-off versus John-Jason Peterka in neutral zone.
12:49 of 1st period - Slapshot by Eetu Luostarinen.
12:49 of 1st period - Shot Misses the Net.
12:59 of 1st period - Bo Horvat is hit by Marco Kasper and loses puck.
13:04 of 1st period - Slapshot by Evan Rodrigues.
13:04 of 1st period - Stopped by Ilya Sorokin with a rebound.
13:06 of 1st period - Slapshot by Brandon Montour.
13:06 of 1st period - Stopped by Ilya Sorokin with a rebound.
13:08 of 1st period - Wrist shot by Yegor Sharangovich.
13:08 of 1st period - Stopped by Ilya Sorokin with a rebound.
13:10 of 1st period - Wrist shot by Yegor Sharangovich.
13:10 of 1st period - Stopped by Ilya Sorokin without a rebound.
13:11 of 1st period - Jean-Gabriel Pageau wins face-off versus J.T. Miller in Calgary Flames zone.
13:12 of 1st period - Snap shot by Jack Roslovic.
13:12 of 1st period - Shot Misses the Net.
13:18 of 1st period - Wrist shot by Matthew Tkachuk.
13:18 of 1st period - Stopped by Anthony Stolarz without a rebound.
13:19 of 1st period - Jean-Gabriel Pageau wins face-off versus J.T. Miller in Nashville Predators zone.
13:54 of 1st period - Snap shot by Zach Hyman.
13:54 of 1st period - Shot Misses the Net.
13:56 of 1st period - Slapshot by Matthew Tkachuk.
13:56 of 1st period - Shot Misses the Net.
13:58 of 1st period - Snap shot by J.T. Miller.
13:58 of 1st period - Deflect By Zach Hyman.
13:58 of 1st period - Goal by Zach Hyman - Calgary Flames : 2 - Nashville Predators : 1.
13:59 of 1st period - Bo Horvat wins face-off versus John-Jason Peterka in neutral zone.
14:13 of 1st period - Snap shot by John-Jason Peterka.
14:13 of 1st period - Shot Misses the Net.
14:15 of 1st period - Slapshot by Eetu Luostarinen.
14:15 of 1st period - Stopped by Ilya Sorokin with a rebound.
14:49 of 1st period - Slapshot by Yegor Chinakhov.
14:49 of 1st period - Shot Misses the Net.
15:27 of 1st period - Rasmus Andersson is hit by Joel Eriksson Ek and loses puck.
16:47 of 1st period - Snap shot by Ryan Hartman.
16:47 of 1st period - Stopped by Ilya Sorokin with a rebound.
16:49 of 1st period - Slapshot by Jordan Spence.
16:49 of 1st period - Stopped by Ilya Sorokin with a rebound.
16:51 of 1st period - Slapshot by Robby Fabbri.
16:51 of 1st period - Shot Blocked by Uvis Balinskis.
16:53 of 1st period - Wrist shot by Robby Fabbri.
16:53 of 1st period - Stopped by Ilya Sorokin without a rebound.
16:54 of 1st period - Joel Eriksson Ek wins face-off versus Marco Kasper in Calgary Flames zone.
17:21 of 1st period - Pius Suter is hit by Bo Horvat.
17:25 of 1st period - Chris Kreider is hit by Dante Fabbro and loses puck.
17:42 of 1st period - Snap shot by Bo Horvat.
17:42 of 1st period - Stopped by Anthony Stolarz with a rebound.
18:10 of 1st period - Wrist shot by Yegor Chinakhov.
18:10 of 1st period - Shot Misses the Net.
18:12 of 1st period - Wrist shot by Yegor Chinakhov.
18:12 of 1st period - Shot Blocked by Alec Martinez.
18:22 of 1st period - Slapshot by Joel Eriksson Ek.
18:22 of 1st period - Shot Misses the Net.
18:48 of 1st period - Eetu Luostarinen is hit by Zach Hyman.
18:58 of 1st period - Slapshot by Dmitri Voronkov.
18:58 of 1st period - Deflect By Nick Paul.
18:58 of 1st period - Shot Misses the Net.
18:58 of 1st period - Puck is out of play.
18:59 of 1st period - Joel Eriksson Ek wins face-off versus Jean-Gabriel Pageau in Calgary Flames zone.
19:12 of 1st period - Snap shot by Joel Eriksson Ek.
19:12 of 1st period - Shot Misses the Net.
19:51 of 1st period - Wrist shot by Yegor Chinakhov.
19:51 of 1st period - Shot Misses the Net.
19:53 of 1st period - Slapshot by Dante Fabbro.
19:53 of 1st period - Stopped by Ilya Sorokin with a rebound.
19:55 of 1st period - Slapshot by Ryan Hartman.
19:55 of 1st period - Shot Misses the Net.
19:57 of 1st period - Slapshot by Robby Fabbri.
19:57 of 1st period - Shot Misses the Net.
19:59 of 1st period - Snap shot by Ryan Hartman.
19:59 of 1st period - Goal by Ryan Hartman - Calgary Flames : 2 - Nashville Predators : 2.
Goals for this period are 2 for Calgary Flames vs 2 for Nashville Predators.
Shots for this period are 10 for Calgary Flames vs 16 for Nashville Predators.
2nd period
0:01 of 2nd period - Pius Suter wins face-off versus Pavel Zacha in neutral zone.
0:33 of 2nd period - Snap shot by Jack Roslovic.
0:33 of 2nd period - Stopped by Ilya Sorokin without a rebound.
0:34 of 2nd period - Joel Eriksson Ek wins face-off versus Jean-Gabriel Pageau in Calgary Flames zone.
1:22 of 2nd period - Minor Penalty to Sebastian Aho for Holding Stick.
1:23 of 2nd period - Nick Paul wins face-off versus John-Jason Peterka in Calgary Flames zone.
1:36 of 2nd period - Wrist shot by Pius Suter.
1:36 of 2nd period - Shot Blocked by Jeremy Lauzon.
1:38 of 2nd period - Slapshot by Pius Suter.
1:38 of 2nd period - Shot Misses the Net.
3:10 of 2nd period - Icing by Alex Pietrangelo.
3:11 of 2nd period - Marco Kasper wins face-off versus Ben Meyers in Nashville Predators zone.
3:22 of 2nd period - Penalty to Sebastian Aho is over, Sebastian Aho is back on ice.
3:35 of 2nd period - Wrist shot by Bo Horvat.
3:35 of 2nd period - Shot Misses the Net.
3:37 of 2nd period - Slapshot by Cale Makar.
3:37 of 2nd period - Stopped by Anthony Stolarz without a rebound.
3:38 of 2nd period - Joel Eriksson Ek wins face-off versus Ryan Hartman in Nashville Predators zone.
3:39 of 2nd period - Wrist shot by Mathieu Joseph.
3:39 of 2nd period - Stopped by Anthony Stolarz with a rebound.
3:41 of 2nd period - Snap shot by Mathieu Joseph.
3:41 of 2nd period - Stopped by Anthony Stolarz without a rebound.
3:42 of 2nd period - Ryan Hartman wins face-off versus Joel Eriksson Ek in Nashville Predators zone.
3:55 of 2nd period - Backhand shot by Joel Eriksson Ek.
3:55 of 2nd period - Shot Misses the Net.
3:57 of 2nd period - Snap shot by Joel Eriksson Ek.
3:57 of 2nd period - Shot Misses the Net.
4:15 of 2nd period - Bo Horvat is hit by Simon Benoit and loses puck.
5:14 of 2nd period - Wrist shot by Bo Horvat.
5:14 of 2nd period - Stopped by Anthony Stolarz with a rebound.
5:16 of 2nd period - Wrist shot by Ben Meyers.
5:16 of 2nd period - Shot Misses the Net.
5:18 of 2nd period - Snap shot by Uvis Balinskis.
5:18 of 2nd period - Stopped by Anthony Stolarz with a rebound.
5:20 of 2nd period - Wrist shot by Uvis Balinskis.
5:20 of 2nd period - Shot Blocked by Dante Fabbro.
5:22 of 2nd period - Snap shot by Alec Martinez.
5:22 of 2nd period - Stopped by Anthony Stolarz with a rebound.
5:32 of 2nd period - Dante Fabbro is hit by Bo Horvat and loses puck.
5:45 of 2nd period - Snap shot by Evan Rodrigues.
5:45 of 2nd period - Shot Blocked by Jeremy Lauzon.
6:05 of 2nd period - Rasmus Andersson is hit by Mathieu Joseph and loses puck.
6:33 of 2nd period - Slapshot by Eetu Luostarinen.
6:33 of 2nd period - Shot Misses the Net.
7:25 of 2nd period - Icing by Brandon Montour.
7:26 of 2nd period - Joel Eriksson Ek wins face-off versus Marco Kasper in Nashville Predators zone.
7:53 of 2nd period - Snap shot by Evan Rodrigues.
7:53 of 2nd period - Stopped by Ilya Sorokin with a rebound.
8:19 of 2nd period - Slapshot by Yegor Sharangovich.
8:19 of 2nd period - Shot Misses the Net.
8:41 of 2nd period - Slapshot by Evan Rodrigues.
8:41 of 2nd period - Deflect By Yegor Sharangovich.
8:41 of 2nd period - Stopped by Ilya Sorokin without a rebound.
8:42 of 2nd period - John-Jason Peterka wins face-off versus Bo Horvat in Calgary Flames zone.
8:55 of 2nd period - Wrist shot by Eetu Luostarinen.
8:55 of 2nd period - Stopped by Ilya Sorokin with a rebound.
8:57 of 2nd period - Snap shot by Pius Suter.
8:57 of 2nd period - Deflect By Eetu Luostarinen.
8:57 of 2nd period - Shot Misses the Net.
8:57 of 2nd period - Puck is out of play.
8:58 of 2nd period - Jean-Gabriel Pageau wins face-off versus Joel Eriksson Ek in Calgary Flames zone.
9:12 of 2nd period - Wrist shot by Jean-Gabriel Pageau.
9:12 of 2nd period - Stopped by Ilya Sorokin with a rebound.
9:28 of 2nd period - Wrist shot by Eetu Luostarinen.
9:28 of 2nd period - Shot Blocked by Drew Doughty.
9:30 of 2nd period - Snap shot by Pius Suter.
9:30 of 2nd period - Deflect By Eetu Luostarinen.
9:30 of 2nd period - Stopped by Ilya Sorokin with a rebound.
10:26 of 2nd period - Pius Suter is hit by Mathieu Joseph and loses puck.
11:46 of 2nd period - Wrist shot by Yegor Chinakhov.
11:46 of 2nd period - Stopped by Ilya Sorokin with a rebound.
12:02 of 2nd period - Bo Horvat is hit by Evan Rodrigues.
12:23 of 2nd period - Minor Penalty to Uvis Balinskis for Roughing.
12:24 of 2nd period - Sebastian Aho wins face-off versus Jean-Gabriel Pageau in Calgary Flames zone.
12:35 of 2nd period - Slapshot by Simon Benoit.
12:35 of 2nd period - Deflect By Dmitri Voronkov.
12:35 of 2nd period - Shot Misses the Net.
12:35 of 2nd period - Puck is out of play.
12:36 of 2nd period - Bo Horvat wins face-off versus Jean-Gabriel Pageau in Calgary Flames zone.
13:25 of 2nd period - J.T. Miller is hit by Simon Benoit and loses puck.
14:23 of 2nd period - Penalty to Uvis Balinskis is over, Uvis Balinskis is back on ice.
14:54 of 2nd period - Off-side.
14:55 of 2nd period - Ryan Hartman wins face-off versus J.T. Miller in neutral zone.
14:58 of 2nd period - Slapshot by Simon Benoit.
14:58 of 2nd period - Stopped by Ilya Sorokin with a rebound.
15:00 of 2nd period - Snap shot by Robby Fabbri.
15:00 of 2nd period - Shot Blocked by Zach Hyman.
15:02 of 2nd period - Slapshot by Simon Benoit.
15:02 of 2nd period - Shot Misses the Net.
15:29 of 2nd period - Snap shot by Dmitri Voronkov.
15:29 of 2nd period - Stopped by Ilya Sorokin without a rebound.
15:30 of 2nd period - Joel Eriksson Ek wins face-off versus John-Jason Peterka in Calgary Flames zone.
15:39 of 2nd period - Slapshot by John-Jason Peterka.
15:39 of 2nd period - Shot Blocked by Alec Martinez.
15:41 of 2nd period - Wrist shot by Eetu Luostarinen.
15:41 of 2nd period - Shot Misses the Net.
15:43 of 2nd period - Slapshot by Pius Suter.
15:43 of 2nd period - Shot Blocked by Uvis Balinskis.
15:45 of 2nd period - Wrist shot by Eetu Luostarinen.
15:45 of 2nd period - Stopped by Ilya Sorokin with a rebound.
16:19 of 2nd period - Snap shot by Bo Horvat.
16:19 of 2nd period - Shot Misses the Net.
16:21 of 2nd period - Wrist shot by Sebastian Aho.
16:21 of 2nd period - Shot Misses the Net.
16:23 of 2nd period - Wrist shot by Sebastian Aho.
16:23 of 2nd period - Stopped by Anthony Stolarz with a rebound.
16:25 of 2nd period - Snap shot by Uvis Balinskis.
16:25 of 2nd period - Shot Misses the Net.
16:27 of 2nd period - Slapshot by Alec Martinez.
16:27 of 2nd period - Stopped by Anthony Stolarz with a rebound.
16:29 of 2nd period - Snap shot by Bo Horvat.
16:29 of 2nd period - Shot Blocked by Jean-Gabriel Pageau.
17:08 of 2nd period - Wrist shot by Jean-Gabriel Pageau.
17:08 of 2nd period - Shot Blocked by Bo Horvat.
17:16 of 2nd period - Wrist shot by Sebastian Aho.
17:16 of 2nd period - Shot Blocked by Brandon Montour.
17:18 of 2nd period - Slapshot by Alec Martinez.
17:18 of 2nd period - Stopped by Anthony Stolarz with a rebound.
17:20 of 2nd period - Snap shot by Sebastian Aho.
17:20 of 2nd period - Shot Misses the Net.
17:22 of 2nd period - Snap shot by Sebastian Aho.
17:22 of 2nd period - Stopped by Anthony Stolarz with a rebound.
17:28 of 2nd period - Slapshot by Chris Kreider.
17:28 of 2nd period - Stopped by Anthony Stolarz with a rebound.
17:30 of 2nd period - Snap shot by Bo Horvat.
17:30 of 2nd period - Stopped by Anthony Stolarz with a rebound.
17:32 of 2nd period - Slapshot by Uvis Balinskis.
17:32 of 2nd period - Shot Blocked by Brandon Montour.
17:34 of 2nd period - Slapshot by Sebastian Aho.
17:34 of 2nd period - Shot Misses the Net.
17:36 of 2nd period - Snap shot by Chris Kreider.
17:36 of 2nd period - Shot Blocked by Jack Roslovic.
17:54 of 2nd period - Wrist shot by Bo Horvat.
17:54 of 2nd period - Stopped by Anthony Stolarz without a rebound.
17:55 of 2nd period - Matthew Tkachuk wins face-off versus John-Jason Peterka in Nashville Predators zone.
17:56 of 2nd period - Slapshot by Zach Hyman.
17:56 of 2nd period - Shot Misses the Net.
17:58 of 2nd period - Snap shot by Cale Makar.
17:58 of 2nd period - Shot Blocked by John-Jason Peterka.
18:00 of 2nd period - Wrist shot by Matthew Tkachuk.
18:00 of 2nd period - Goal by Matthew Tkachuk - Calgary Flames : 3 - Nashville Predators : 2.
18:01 of 2nd period - J.T. Miller wins face-off versus John-Jason Peterka in neutral zone.
18:26 of 2nd period - Evan Rodrigues is hit by Joel Eriksson Ek and loses puck.
18:58 of 2nd period - Slapshot by Cale Makar.
18:58 of 2nd period - Deflect By Eetu Luostarinen.
18:58 of 2nd period - Stopped by Anthony Stolarz without a rebound.
18:59 of 2nd period - J.T. Miller wins face-off versus John-Jason Peterka in Nashville Predators zone.
19:04 of 2nd period - Wrist shot by J.T. Miller.
19:04 of 2nd period - Stopped by Anthony Stolarz without a rebound.
19:05 of 2nd period - J.T. Miller wins face-off versus John-Jason Peterka in Nashville Predators zone.
19:34 of 2nd period - Snap shot by Eetu Luostarinen.
19:34 of 2nd period - Stopped by Ilya Sorokin without a rebound.
19:35 of 2nd period - Marco Kasper wins face-off versus Bo Horvat in Calgary Flames zone.
19:36 of 2nd period - Slapshot by Yegor Sharangovich.
19:36 of 2nd period - Shot Blocked by Jeremy Lauzon.
Goals for this period are 1 for Calgary Flames vs 0 for Nashville Predators.
Shots for this period are 16 for Calgary Flames vs 11 for Nashville Predators.
3rd period
0:01 of 3rd period - Bo Horvat wins face-off versus John-Jason Peterka in neutral zone.
0:10 of 3rd period - Slapshot by John-Jason Peterka.
0:10 of 3rd period - Shot Blocked by Chris Kreider.
0:12 of 3rd period - Wrist shot by Rasmus Andersson.
0:12 of 3rd period - Shot Blocked by Sebastian Aho.
0:14 of 3rd period - Wrist shot by Rasmus Andersson.
0:14 of 3rd period - Stopped by Ilya Sorokin without a rebound.
0:15 of 3rd period - Pavel Zacha wins face-off versus Jean-Gabriel Pageau in Calgary Flames zone.
0:24 of 3rd period - Slapshot by Bo Horvat.
0:24 of 3rd period - Shot Blocked by Rasmus Andersson.
0:40 of 3rd period - Drew Doughty is hit by Pius Suter and loses puck.
0:45 of 3rd period - Wrist shot by Eetu Luostarinen.
0:45 of 3rd period - Stopped by Ilya Sorokin with a rebound.
0:47 of 3rd period - Snap shot by Eetu Luostarinen.
0:47 of 3rd period - Stopped by Ilya Sorokin without a rebound.
0:48 of 3rd period - Bo Horvat wins face-off versus John-Jason Peterka in Calgary Flames zone.
1:02 of 3rd period - Wrist shot by Chris Kreider.
1:02 of 3rd period - Shot Blocked by Simon Benoit.
1:04 of 3rd period - Wrist shot by Bo Horvat.
1:04 of 3rd period - Stopped by Anthony Stolarz without a rebound.
1:05 of 3rd period - Marco Kasper wins face-off versus J.T. Miller in Nashville Predators zone.
1:12 of 3rd period - Snap shot by Marco Kasper.
1:12 of 3rd period - Stopped by Ilya Sorokin without a rebound.
1:13 of 3rd period - Marco Kasper wins face-off versus J.T. Miller in Calgary Flames zone.
1:16 of 3rd period - Wrist shot by Brandon Montour.
1:16 of 3rd period - Shot Blocked by Cale Makar.
1:18 of 3rd period - Slapshot by Rasmus Andersson.
1:18 of 3rd period - Deflect By Zach Hyman.
1:18 of 3rd period - Stopped by Ilya Sorokin with a rebound.
2:00 of 3rd period - Slapshot by Cale Makar.
2:00 of 3rd period - Shot Blocked by Evan Rodrigues.
2:06 of 3rd period - Slapshot by Brandon Montour.
2:06 of 3rd period - Goal by Brandon Montour - Calgary Flames : 3 - Nashville Predators : 3.
2:07 of 3rd period - Chris Kreider wins face-off versus John-Jason Peterka in neutral zone.
2:12 of 3rd period - Wrist shot by Bo Horvat.
2:12 of 3rd period - Stopped by Anthony Stolarz with a rebound.
2:14 of 3rd period - Snap shot by Filip Hronek.
2:14 of 3rd period - Shot Blocked by Simon Benoit.
2:16 of 3rd period - Slapshot by Jeremy Lauzon.
2:16 of 3rd period - Deflect By Bo Horvat.
2:16 of 3rd period - Shot Misses the Net.
2:16 of 3rd period - Puck is out of play.
2:17 of 3rd period - Bo Horvat wins face-off versus John-Jason Peterka in Nashville Predators zone.
2:20 of 3rd period - Slapshot by Sebastian Aho.
2:20 of 3rd period - Stopped by Anthony Stolarz with a rebound.
2:40 of 3rd period - Snap shot by John-Jason Peterka.
2:40 of 3rd period - Shot Blocked by Chris Kreider.
3:06 of 3rd period - Slapshot by Sebastian Aho.
3:06 of 3rd period - Stopped by Anthony Stolarz with a rebound.
3:08 of 3rd period - Slapshot by Jeremy Lauzon.
3:08 of 3rd period - Shot Misses the Net.
3:10 of 3rd period - Wrist shot by Bo Horvat.
3:10 of 3rd period - Shot Misses the Net.
3:12 of 3rd period - Snap shot by Bo Horvat.
3:12 of 3rd period - Shot Misses the Net.
3:14 of 3rd period - Snap shot by Sebastian Aho.
3:14 of 3rd period - Shot Misses the Net.
3:16 of 3rd period - Slapshot by Filip Hronek.
3:16 of 3rd period - Shot Blocked by Simon Benoit.
3:18 of 3rd period - Snap shot by Sebastian Aho.
3:18 of 3rd period - Shot Blocked by John-Jason Peterka.
3:20 of 3rd period - Backhand shot by Sebastian Aho.
3:20 of 3rd period - Shot Misses the Net.
3:22 of 3rd period - Snap shot by Chris Kreider.
3:22 of 3rd period - Stopped by Anthony Stolarz with a rebound.
3:28 of 3rd period - Snap shot by Bo Horvat.
3:28 of 3rd period - Shot Misses the Net.
3:30 of 3rd period - Slapshot by Bo Horvat.
3:30 of 3rd period - Goal by Bo Horvat - Calgary Flames : 4 - Nashville Predators : 3.
3:31 of 3rd period - Joel Eriksson Ek wins face-off versus Jean-Gabriel Pageau in neutral zone.
3:36 of 3rd period - Wrist shot by Mathieu Joseph.
3:36 of 3rd period - Shot Misses the Net.
3:50 of 3rd period - Minor Penalty to Joel Eriksson Ek for Slashing.
3:51 of 3rd period - Bo Horvat wins face-off versus Jean-Gabriel Pageau in Calgary Flames zone.
4:13 of 3rd period - Minor Penalty to Drew Doughty for Interference.
4:14 of 3rd period - Jean-Gabriel Pageau wins face-off versus J.T. Miller in Calgary Flames zone.
4:27 of 3rd period - Slapshot by Brandon Montour.
4:27 of 3rd period - Shot Blocked by Cale Makar.
4:39 of 3rd period - John-Jason Peterka is hit by Cale Makar.
4:43 of 3rd period - Snap shot by Brandon Montour.
4:43 of 3rd period - Stopped by Ilya Sorokin with a rebound.
5:03 of 3rd period - Slapshot by J.T. Miller.
5:03 of 3rd period - Stopped by Anthony Stolarz with a rebound.
5:50 of 3rd period - Penalty to Joel Eriksson Ek is over, Joel Eriksson Ek is back on ice.
6:13 of 3rd period - Penalty to Drew Doughty is over, Drew Doughty is back on ice.
6:20 of 3rd period - Alex Pietrangelo is hit by J.T. Miller and loses puck.
6:25 of 3rd period - Wrist shot by Matthew Tkachuk.
6:25 of 3rd period - Shot Misses the Net.
6:40 of 3rd period - Dante Fabbro is hit by Mathieu Joseph and loses puck.
7:05 of 3rd period - Dante Fabbro is hit by Zach Hyman and loses puck.
7:38 of 3rd period - Ben Meyers is hit by Marco Kasper.
8:12 of 3rd period - Cale Makar is hit by Jack Roslovic and loses puck.
8:29 of 3rd period - Slapshot by Brandon Montour.
8:29 of 3rd period - Deflect By Marco Kasper.
8:29 of 3rd period - Shot Blocked by Alec Martinez.
8:29 of 3rd period - Puck is out of play.
8:30 of 3rd period - J.T. Miller wins face-off versus Marco Kasper in Calgary Flames zone.
8:30 of 3rd period - J.T. Miller is hit by Simon Benoit.
8:52 of 3rd period - Evan Rodrigues is hit by Joel Eriksson Ek and loses puck.
9:11 of 3rd period - Snap shot by Bo Horvat.
9:11 of 3rd period - Goal by Bo Horvat - Calgary Flames : 5 - Nashville Predators : 3.
9:12 of 3rd period - Jean-Gabriel Pageau wins face-off versus Bo Horvat in neutral zone.
9:19 of 3rd period - Snap shot by Dmitri Voronkov.
9:19 of 3rd period - Deflect By Jack Roslovic.
9:19 of 3rd period - Shot Misses the Net.
9:19 of 3rd period - Puck is out of play.
9:20 of 3rd period - Jean-Gabriel Pageau wins face-off versus Bo Horvat in Calgary Flames zone.
9:33 of 3rd period - Chris Kreider is hit by Rasmus Andersson and loses puck.
9:43 of 3rd period - Snap shot by Jean-Gabriel Pageau.
9:43 of 3rd period - Shot Blocked by Chris Kreider.
9:45 of 3rd period - Slapshot by Jack Roslovic.
9:45 of 3rd period - Shot Misses the Net.
9:47 of 3rd period - Snap shot by Rasmus Andersson.
9:47 of 3rd period - Stopped by Ilya Sorokin with a rebound.
9:49 of 3rd period - Snap shot by Jean-Gabriel Pageau.
9:49 of 3rd period - Stopped by Ilya Sorokin with a rebound.
9:51 of 3rd period - Backhand shot by Dmitri Voronkov.
9:51 of 3rd period - Stopped by Ilya Sorokin with a rebound.
10:25 of 3rd period - Slapshot by Jack Roslovic.
10:25 of 3rd period - Stopped by Ilya Sorokin with a rebound.
10:27 of 3rd period - Backhand shot by Jack Roslovic.
10:27 of 3rd period - Stopped by Ilya Sorokin without a rebound.
10:28 of 3rd period - Joel Eriksson Ek wins face-off versus John-Jason Peterka in Calgary Flames zone.
10:34 of 3rd period - Off-side.
10:35 of 3rd period - Joel Eriksson Ek wins face-off versus John-Jason Peterka in neutral zone.
10:41 of 3rd period - John-Jason Peterka is hit by Jeremy Lauzon and loses puck.
11:02 of 3rd period - Snap shot by J.T. Miller.
11:02 of 3rd period - Shot Blocked by Evan Rodrigues.
11:04 of 3rd period - Slapshot by Jeremy Lauzon.
11:04 of 3rd period - Deflect By J.T. Miller.
11:04 of 3rd period - Stopped by Anthony Stolarz with a rebound.
11:32 of 3rd period - Wrist shot by Ryan Hartman.
11:32 of 3rd period - Shot Misses the Net.
11:42 of 3rd period - Rasmus Andersson is hit by Mathieu Joseph and loses puck.
11:47 of 3rd period - Slapshot by Cale Makar.
11:47 of 3rd period - Shot Blocked by Brandon Montour.
11:49 of 3rd period - Snap shot by Nick Paul.
11:49 of 3rd period - Goal by Nick Paul - Calgary Flames : 6 - Nashville Predators : 3.
11:50 of 3rd period - J.T. Miller wins face-off versus John-Jason Peterka in neutral zone.
12:15 of 3rd period - Dmitri Voronkov is hit by Bo Horvat and loses puck.
12:42 of 3rd period - Wrist shot by Pavel Zacha.
12:42 of 3rd period - Stopped by Anthony Stolarz with a rebound.
12:44 of 3rd period - Slapshot by Cale Makar.
12:44 of 3rd period - Deflect By Ben Meyers.
12:44 of 3rd period - Stopped by Anthony Stolarz with a rebound.
12:46 of 3rd period - Slapshot by Drew Doughty.
12:46 of 3rd period - Shot Misses the Net.
12:48 of 3rd period - Snap shot by Ben Meyers.
12:48 of 3rd period - Stopped by Anthony Stolarz with a rebound.
12:50 of 3rd period - Slapshot by Cale Makar.
12:50 of 3rd period - Shot Blocked by Yegor Chinakhov.
13:00 of 3rd period - Slapshot by Bo Horvat.
13:00 of 3rd period - Shot Misses the Net.
13:02 of 3rd period - Slapshot by Bo Horvat.
13:02 of 3rd period - Shot Misses the Net.
13:10 of 3rd period - Slapshot by Cale Makar.
13:10 of 3rd period - Stopped by Anthony Stolarz with a rebound.
13:12 of 3rd period - Snap shot by Pavel Zacha.
13:12 of 3rd period - Shot Hit the Post.
13:14 of 3rd period - Snap shot by Pavel Zacha.
13:14 of 3rd period - Shot Blocked by Alex Pietrangelo.
13:42 of 3rd period - Slapshot by Pavel Zacha.
13:42 of 3rd period - Shot Blocked by Robby Fabbri.
13:44 of 3rd period - Snap shot by Bo Horvat.
13:44 of 3rd period - Shot Misses the Net.
13:46 of 3rd period - Slapshot by Ben Meyers.
13:46 of 3rd period - Stopped by Anthony Stolarz without a rebound.
13:47 of 3rd period - John-Jason Peterka wins face-off versus Joel Eriksson Ek in Nashville Predators zone.
13:47 of 3rd period - John-Jason Peterka is hit by Uvis Balinskis.
13:53 of 3rd period - John-Jason Peterka is hit by Nick Paul.
13:57 of 3rd period - Eetu Luostarinen is hit by Alec Martinez and loses puck.
14:18 of 3rd period - Slapshot by John-Jason Peterka.
14:18 of 3rd period - Stopped by Ilya Sorokin without a rebound.
14:19 of 3rd period - J.T. Miller wins face-off versus Jean-Gabriel Pageau in Calgary Flames zone.
15:02 of 3rd period - Wrist shot by Evan Rodrigues.
15:02 of 3rd period - Shot Misses the Net.
15:14 of 3rd period - Snap shot by John-Jason Peterka.
15:14 of 3rd period - Stopped by Ilya Sorokin with a rebound.
15:16 of 3rd period - Snap shot by John-Jason Peterka.
15:16 of 3rd period - Shot Misses the Net.
15:18 of 3rd period - Wrist shot by Pius Suter.
15:18 of 3rd period - Shot Blocked by Chris Kreider.
15:48 of 3rd period - Snap shot by Jack Roslovic.
15:48 of 3rd period - Stopped by Ilya Sorokin without a rebound.
15:49 of 3rd period - Jean-Gabriel Pageau wins face-off versus J.T. Miller in Calgary Flames zone.
17:07 of 3rd period - Snap shot by Evan Rodrigues.
17:07 of 3rd period - Stopped by Ilya Sorokin with a rebound.
17:48 of 3rd period - Wrist shot by Eetu Luostarinen.
17:48 of 3rd period - Shot Blocked by Joel Eriksson Ek.
18:17 of 3rd period - Zach Hyman is hit by Robby Fabbri and loses puck.
18:36 of 3rd period - Icing by Dante Fabbro.
18:37 of 3rd period - Joel Eriksson Ek wins face-off versus Dmitri Voronkov in Nashville Predators zone.
18:40 of 3rd period - Wrist shot by Joel Eriksson Ek.
18:40 of 3rd period - Shot Misses the Net.
18:50 of 3rd period - Snap shot by Jean-Gabriel Pageau.
18:50 of 3rd period - Stopped by Ilya Sorokin without a rebound.
18:51 of 3rd period - Bo Horvat wins face-off versus Eetu Luostarinen in Calgary Flames zone.
19:08 of 3rd period - Wrist shot by Sebastian Aho.
19:08 of 3rd period - Shot Blocked by Eetu Luostarinen.
19:14 of 3rd period - Minor Penalty to Brandon Montour for High sticking.
19:15 of 3rd period - John-Jason Peterka wins face-off versus Chris Kreider in Nashville Predators zone.
19:22 of 3rd period - Wrist shot by Sebastian Aho.
19:22 of 3rd period - Goal by Sebastian Aho - Calgary Flames : 7 - Nashville Predators : 3.
19:23 of 3rd period - Bo Horvat wins face-off versus John-Jason Peterka in neutral zone.
19:32 of 3rd period - Snap shot by Sebastian Aho.
19:32 of 3rd period - Shot Hit the Post.
19:34 of 3rd period - Slapshot by Chris Kreider.
19:34 of 3rd period - Stopped by Anthony Stolarz with a rebound.
19:36 of 3rd period - Snap shot by Sebastian Aho.
19:36 of 3rd period - Stopped by Anthony Stolarz with a rebound.
19:38 of 3rd period - Slapshot by Bo Horvat.
19:38 of 3rd period - Shot Blocked by Rasmus Andersson.
19:40 of 3rd period - Wrist shot by Chris Kreider.
19:40 of 3rd period - Stopped by Anthony Stolarz with a rebound.
19:59 of 3rd period - Zach Hyman is hit by Dmitri Voronkov and loses puck.
Goals for this period are 4 for Calgary Flames vs 1 for Nashville Predators.
Shots for this period are 19 for Calgary Flames vs 17 for Nashville Predators.
Back to the Top